 Dungeon Crawl Stone Soup version 0.23.2 (webtiles) character file.

Game seed: 11557146606685859773

180 Menchi the Sneak (level 5, 0/30 HPs)
             Began as a Kobold Assassin on Apr 9, 2019.
             Splashed by a jelly's acid (1 damage)
             ... on level 3 of the Dungeon.
             The game lasted 00:11:51 (2238 turns).

Menchi the Sneak (Kobold Assassin)                  Turns: 2238, Time: 00:11:51

Health: 0/30       AC:  3    Str: 10    XL:     5   Next: 91%
Magic:  5/5        EV: 15    Int: 12    God:
Gold:   103        SH:  0    Dex: 16    Spells: 4/4 levels left

rFire    . . .     SeeInvis .   a - +2 dagger
rCold    . . .     Gourm    .   (shield restricted)
rNeg     . . .     Faith    .   o - +1 leather armour {MR+}
rPois    .         Spirit   .   c - +0 helmet
rElec    .         Reflect  .   d - +0 cloak
rCorr    .         Harm     .   k - +0 pair of gloves (curse)
MR       +....                  (no boots)
Stlth    ++++......             (no amulet)
HPRegen  0.10/turn              (no ring)
MPRegen  0.09/turn              (no ring)

@: corroded
A: small, carnivore
a: no special abilities


You were on level 3 of the Dungeon.
You were completely stuffed.

You visited 1 branch of the dungeon, and saw 3 of its levels.

You collected 103 gold pieces.

Inventory:

Hand Weapons
 a - a +2 dagger (weapon)
 b - a +0 blowgun {ü}
Missiles
 e - 8 poisoned needles
 f - 2 curare-tipped needles
Armour
 c - a +0 helmet (worn)
 d - a +0 cloak (worn)
 k - a cursed +0 pair of gloves (worn)
 o - a +1 leather armour of magic resistance (worn)
Scrolls
 h - 2 scrolls of teleportation {unknown}
 n - a scroll of remove curse {unknown}
 s - a scroll of fear {unknown}
Potions
 i - a potion of heal wounds
 j - a potion of lignification
 l - a potion of magic
 m - 2 potions of curing {unknown}
 p - a potion of degeneration {unknown}
 q - 2 potions of haste {unknown}
 r - a potion of cancellation {unknown}
 u - a potion of mutation {unknown}
Comestibles
 g - 6 rations
 t - 5 chunks of flesh


   Skills:
 - Level 2.1 Fighting
 * Level 4.6 Short Blades
 - Level 2.1 Throwing
 * Level 3.1 Dodging
 * Level 7.5 Stealth


You had 4 spell levels left.
You didn't know any spells.
Your spell library was empty.

Dungeon Overview and Level Annotations

Branches:
Dungeon (3/15)

Altars:
Xom


Innate Abilities, Weirdness & Mutations

You are small and have problems with some larger weapons.
You are carnivorous and can eat meat at any time.


Message History

Wield which item (- for none, * to show all)? (? for menu, Esc to quit)
a - a +2 dagger (weapon)
You barely miss the jelly. The jelly hits you but does no damage.
You hit the jelly.
Your hands burn!
The jelly is lightly wounded.
The jelly hits you but does no damage.
You hit the jelly.
Your hands burn!
The jelly is heavily wounded.
You hit the jelly. The acid corrodes you!
Your hands burn!
The jelly is severely wounded.
The jelly misses you.
You hit the jelly.
Your hands burn!
The jelly is severely wounded.
The jelly closely misses you.
You hit the jelly but do no damage.
Your hands burn!
The jelly is severely wounded.
The jelly hits you.
You are splashed with acid!
* * * LOW HITPOINT WARNING * * *
You hit the jelly but do no damage.
Your hands burn!
You die...

###########
#$P.P....÷#
#...J÷P...#
#.J.÷.J.P.#
#.P÷..K...#
#÷P.JJP...#
#....J....##..#
########'###..#
##(.@J.(## #..#
#.######## ..#
##..'....# ..#####
####....# ##.#...#
#)......# #..#...#
#.......###..#...###
#.......##..>.......
#.......##.###......
##.....###.# ####...


You could see a jelly.

Vanquished Creatures
  An orc wizard (D:3)
  3 adders
  8 oozes
  2 worms (D:2)
  2 leopard geckos (D:2)
  2 orcs (D:3)
  A ball python (D:1)
  2 giant cockroaches (D:2)
  6 goblins
  12 hobgoblins
  6 jackals
  A quokka (D:2)
  9 bats
  5 frilled lizards
  16 kobolds
  6 rats
82 creatures vanquished.

Vanquished Creatures (others)
  A fungus (D:3)
  11 toadstools (D:3)
12 creatures vanquished.

Grand Total: 94 creatures vanquished

Notes
Turn   | Place    | Note
-------+----------+-------------------------------------------
     0 | D:1      | Menchi the Kobold Assassin began the quest for the Orb.
     0 | D:1      | Reached XP level 1. HP: 12/12 MP: 1/1
    46 | D:1      | Reached XP level 2. HP: 13/17 MP: 2/2
    74 | D:1      | Reached skill level 6 in Stealth
   208 | D:1      | Reached XP level 3. HP: 18/21 MP: 3/3
   744 | D:2      | Reached XP level 4. HP: 25/26 MP: 4/4
  1367 | D:2      | Found a shimmering altar of Xom.
  1387 | D:2      | Reached skill level 7 in Stealth
  1999 | D:3      | Reached XP level 5. HP: 30/30 MP: 5/5
  2237 | D:3      | HP: 1/30 [acid (10)]
  2238 | D:3      | Splashed by a jelly's acid

Skill      XL: |  1  2  3  4  5 |
---------------+----------------+-----
Stealth        | 6 7 |  7.5
Short Blades   | 3 4 |  4.6
Dodging        | 2 3 |  3.1
Fighting       | |  2.1
Throwing       | |  2.1

Action                   |  1- 3 |  4- 6 || total
-------------------------+-------+-------++-------
Melee: Dagger            |   115 |   209 ||   324
 Fire: Blowgun           |       |     5 ||     5
  Use: Scroll            |     6 |     1 ||     7
       Potion            |       |     2 ||     2
 Stab: Sleeping          |     5 |     4 ||     9
  Eat: Chunk             |     8 |     5 ||    13
Armor: Robe              |    20 |       ||    20
       Leather armour    |     8 |    47 ||    55
       Skin              |       |    10 ||    10
Dodge: Dodged            |    89 |   136 ||   225
